 Dungeon Crawl Stone Soup version 0.23-a0-143-g1adec7b (webtiles) character file.

202 Amnesiac the Caller (level 5, -3/35 HPs)
             Began as a Mummy Summoner on Sept 1, 2018.
             Slain by an ogre
             ... wielding a +0 giant spiked club
              (26 damage)
             ... on level 4 of the Dungeon.
             The game lasted 00:03:45 (1131 turns).

Amnesiac the Caller (Mummy Summoner)                Turns: 1131, Time: 00:03:46

Health: -3/35      AC:  2    Str: 12    XL:     5   Next: 50%
Magic:  12/12      EV: 12    Int: 15    God:
Gold:   84         SH:  0    Dex: 12    Spells: 3/13 levels left

rFire    x . .     SeeInvis .   a - +2 dagger (venom)
rCold    + . .     Gourm    .   (no shield)
rNeg     + + +     Faith    .   j - +0 robe
rPois    ∞         Spirit   .   (no helmet)
rElec    .         Reflect  .   (no cloak)
rCorr    .         Harm     .   (no gloves)
MR       .....                  (no boots)
Stlth    ++........             (no amulet)
HPRegen  0.11/turn              (no ring)
MPRegen  0.13/turn              (no ring)

@: no status effects
A: no food or potions, fire vulnerability, cold resistance 1, negative energy
resistance 3, torment resistance, unbreathing
a: no special abilities


You were on level 4 of the Dungeon.
You were not hungry.

You visited 1 branch of the dungeon, and saw 4 of its levels.
You also visited: Sewer.

You collected 84 gold pieces.

Inventory:

Hand Weapons
 a - a +2 dagger of venom (weapon)
Armour
 j - a +0 robe (worn)
Wands
 c - a wand of disintegration (3)
Scrolls
 d - a scroll of magic mapping {!r, unknown}
 e - a scroll of fog {!r, unknown}
 f - a scroll of identify {!r, unknown}
 g - a scroll of enchant armour {!r, unknown}
 h - a scroll of teleportation {!r, unknown}
 i - a scroll of noise {!r, unknown}


   Skills:
 - Level 1.5 Dodging
 - Level 1.5 Stealth
 + Level 4.8 Spellcasting
 * Level 4.9 Summonings


You had 3 spell levels left.
You knew the following spells:

 Your Spells              Type           Power        Failure   Level  Hunger
a - Call Imp              Summ           ###.....     3%          2    N/A
b - Call Canine Familiar  Summ           ###.....     7%          3    N/A
c - Summon Lightning Spi  Summ/Air       ##......     52%         4    N/A
d - Summon Small Mammal   Summ           ###.         2%          1    N/A

Your spell library contained the following spells:

 Spells                   Type           Power        Failure   Level  Hunger
 Summon Guardian Golem    Hex/Summ       ##......     19%         3    N/A
 Summon Ice Beast         Ice/Summ       ##......     52%         4    N/A

Dungeon Overview and Level Annotations

Branches:
Dungeon (4/15)
 Temple: D:4-7

Altars:


Innate Abilities, Weirdness & Mutations

You do not eat or drink.
Your flesh is vulnerable to fire.
You are immune to poison.
Your flesh is cold resistant. (rC+)
You are immune to negative energy. (rN+++)
You are immune to unholy pain and torment.
You can survive without breathing.


Message History

You enter the shallow water.
Moving in this stuff is going to be slow.
You enter the shallow water.
Moving in this stuff is going to be slow.
You enter the shallow water.
Moving in this stuff is going to be slow.
Things that are here:
a dagger; a kobold corpse You see here a stone.
There is a gate leading back out of this place here.
Welcome back to the Dungeon!
There is a collapsed entrance here.
You see here a leopard gecko skeleton.
You enter the shallow water.
Moving in this stuff is going to be slow.
You enter the shallow water.
Moving in this stuff is going to be slow.
You enter the shallow water.
Moving in this stuff is going to be slow.
You enter the shallow water.
Moving in this stuff is going to be slow.
You enter the shallow water.
Moving in this stuff is going to be slow.
Found a ration.
Found a stone staircase leading down.
Found 15 gold pieces.
There is a stone staircase leading down here.
You climb downwards.
Found a stone staircase leading down.
There is a stone staircase leading up here.
You climb upwards.
There is a stone staircase leading down here.
You now have 84 gold pieces (gained 15).
There is a stone staircase leading down here.
You climb downwards.
There is a stone staircase leading up here.
Found a ring mail.
A frilled lizard comes into view.
Found 11 poisoned needles.
Found 11 sling bullets.
The frilled lizard hisses angrily.
The frilled lizard bites you but does no damage.
You hit the frilled lizard.
You kill the frilled lizard!
No target in view!
Found 14 stones.
You see here 11 poisoned needles.
An ogre comes into view. It is wielding a giant spiked club.
An ogre is nearby!
An ogre is nearby!
The ogre shouts!
You hit the ogre.
The ogre is poisoned.
The ogre is lightly wounded.
The ogre closely misses you.
You closely miss the ogre.
The ogre is lightly wounded.
The ogre hits you with a giant spiked club!
You hit the ogre.
The ogre is lightly wounded.
You hit the ogre but do no damage.
The ogre looks as sick as possible!
The ogre is moderately wounded.
The ogre hits you with a giant spiked club!!
Ouch! That really hurt!
You die...

.#..# ##.#.# ....#
#...# #...# #...#
### #..O# ##.##
####.(@####.#.##
............###.##
#######....(..##.#
#####.#.#.##
######...(##
.........†.#
#######.#..#
#.#..# #.#..#


You could see an ogre.

Vanquished Creatures
  A howler monkey (D:3)
  3 orc priests (D:3)
  2 shadow imps (D:3)
  A bat (D:3)
  3 giant cockroaches (D:3)
  A hobgoblin (D:1)
  A jackal (Sewer)
  3 ball pythons (D:1)
  3 frilled lizards
  2 kobolds
  2 rats
22 creatures vanquished.

Vanquished Creatures (collateral kills)
  A crocodile (Sewer)
  4 leopard geckos (D:3)
  2 giant cockroaches (D:3)
  A goblin (D:3)
  A jackal (Sewer)
  2 kobolds (Sewer)
11 creatures vanquished.

Grand Total: 33 creatures vanquished

Notes
Turn   | Place    | Note
-------+----------+-------------------------------------------
     0 | D:1      | Amnesiac the Mummy Summoner began the quest for the Orb.
     0 | D:1      | Reached XP level 1. HP: 13/13 MP: 4/4
   325 | D:3      | Found a transporter.
   325 | D:3      | Noticed an orc priest
   325 | D:3      | Noticed an orc priest
   331 | D:3      | Found a transporter.
   341 | D:3      | Noticed an orc priest
   349 | D:3      | Killed an orc priest
   349 | D:3      | Reached XP level 2. HP: 19/19 MP: 4/6
   349 | D:3      | Reached XP level 3. HP: 24/24 MP: 5/8
   354 | D:3      | Learned a level 3 spell: Call Canine Familiar
   362 | D:3      | Reached XP level 4. HP: 30/30 MP: 7/10
   369 | D:3      | Learned a level 4 spell: Summon Lightning Spire
   409 | D:3      | Learned a level 2 spell: Call Imp
   421 | D:3      | Reached XP level 5. HP: 32/35 MP: 9/11
   607 | D:3      | Found a glowing drain.
   623 | Sewer    | Entered a sewer
   929 | Sewer    | Noticed a crocodile
   944 | Sewer    | Killed a crocodile
  1126 | D:4      | Noticed an ogre
  1131 | D:4      | Slain by an ogre

Vault maps used:
D:1:      moated_graveyard_arrival, minmay_small_reverse_x
D:3:      gammafunk_wand_slinger, first_ration, gup_sewer_entry_pipe
Sewer:    sewer_the_crocodile

Skill      XL: |  1  2  3 |
---------------+----------+-----
Spellcasting   | 3 4 |  4.8
Summonings     | 4 |  4.9
Dodging        | |  1.5
Stealth        | |  1.5

Action                   |  1- 3 |  4- 6 || total
-------------------------+-------+-------++-------
Melee: Whip              |    20 |    53 ||    73
       Unarmed           |     7 |       ||     7
       Dagger            |       |     5 ||     5
 Cast: Summon Small Mamm |     5 |     3 ||     8
       Call Imp          |       |    14 ||    14
       Call Canine Famil |       |     2 ||     2
Evoke: Wand              |     5 |     5 ||    10
 Stab: Sleeping          |     2 |       ||     2
       Distracted        |       |     1 ||     1
Armor: Robe              |     3 |    13 ||    16
Dodge: Dodged            |    21 |    67 ||    88

Table legend:
 A = Non-vault XP
 B = Vault XP
 C = Vault XP percentage of total XP
 D = Non-vault monster count
 E = Vault monster count
 F = Vault count percentage of total count
                 A         B        C        D         E       F
            +---------+---------+-------+---------+---------+-------
      Total |      62 |     227 |  78.5 |      15 |      18 |  54.5
            +---------+---------+-------+---------+---------+-------
        D:1 |       9 |       0 |   0.0 |       7 |       0 |   0.0
        D:2 |       2 |       0 |   0.0 |       2 |       0 |   0.0
        D:3 |      50 |     161 |  76.3 |       5 |      12 |  70.6
        D:4 |       1 |       0 |   0.0 |       1 |       0 |   0.0
      Sewer |       0 |      66 | 100.0 |       0 |       6 | 100.0
            +---------+---------+-------+---------+---------+-------
